 Dungeon Crawl Stone Soup version 0.19-a0-1511-g16f215b (webtiles) character file.

30256 Grim the Impaler (level 13, -5/122 HPs)
             Began as a Minotaur Berserker on Sept 11, 2016.
             Was a High Priest of Trog.
             Slain by a deep troll (9 damage)
             ... summoned by the player character
             ... on level 14 of the Dungeon on Sept 12, 2016.
             The game lasted 00:29:43 (13252 turns).

Grim the Impaler (Minotaur Berserker)              Turns: 13252, Time: 00:29:45

Health: -5/122     AC: 29    Str: 23    XL:     13   Next: 19%
Magic:  12/12      EV: 10    Int:  4    God:    Trog [*****.]
Gold:   406        SH:  0    Dex: 26    Spells: 0 memorised, 12 levels left

rFire  . . .     SeeInvis .     A - +7 spear of Xopnaer {pierce, *Noise +Rage rElec rN+}
rCold  . . .     Gourm    .     d - +6 plate armour of the Prince of Darkness {+Inv rElec MR- Dex+9}
rNeg   + . .     Faith    +     (no shield)
rPois  .         Spirit   .     (helmet restricted)
rElec  +         Dismiss  .     B - +2 cloak {MR+}
rCorr  .         Reflect  .     u - +0 pair of gloves
MR     ++...     Harm     .     g - +0 pair of boots
Stlth  ..........               v - amulet of faith
                                Y - +1 ring of evasion
                                T - +3 ring of dexterity

@: exhausted, very slightly contaminated, regenerating, slowed, very slow
A: retaliatory headbutt, horns 2
a: Berserk, Trog's Hand, Brothers in Arms, Burn Spellbooks, Renounce Religion,
Evoke Berserk Rage, Evoke Invisibility


You were on level 14 of the Dungeon.
You worshipped Trog.
Trog was extremely pleased with you.
You were near starving.

You visited 1 branch of the dungeon, and saw 14 of its levels.

You collected 1058 gold pieces.
You spent 652 gold pieces at shops.

Inventory:

Hand Weapons
 A - the +7 spear of Xopnaer (weapon) {pierce, *Noise +Rage rElec rN+}
   (You bought it in a shop on level 5 of the Dungeon)

   It inflicts extra damage upon your enemies.
   It insulates you from electricity.
   It protects you from negative energy.
   It lets you go berserk.
   It may make noises in combat.
 K - a +2 antimagic glaive
 U - a +0 blowgun
Missiles
 a - 3 needles of sleeping
 q - 38 poisoned needles
 Q - 6 silver javelins (quivered)
 V - 8 curare-tipped needles
Armour
 d - the +6 plate armour of the Prince of Darkness (worn) {+Inv rElec MR- Dex+9}
   (You found it on level 9 of the Dungeon)

   It affects your dexterity (+9).
   It insulates you from electricity.
   It affects your resistance to hostile enchantments.
   It lets you turn invisible.
 g - a +0 pair of boots (worn)
 u - a +0 pair of gloves (worn)
 B - a +2 cloak of magic resistance (worn)
Jewellery
 l - an uncursed ring of positive energy
 n - an uncursed ring of resist corrosion
 v - an amulet of faith (around neck)
 x - an uncursed ring of stealth
 T - a +3 ring of dexterity (left hand)
 Y - a +1 ring of evasion (right hand)
Wands
 H - a wand of flame (33/48)
 X - a wand of iceblast (7/15)
Scrolls
 e - a scroll of immolation
 j - a scroll of enchant weapon {unknown}
 o - 2 scrolls of fear {unknown}
 r - a scroll of noise
 y - 9 scrolls of remove curse
 D - 6 scrolls of teleportation {unknown}
 E - a scroll of enchant armour {unknown}
 J - a scroll of fog {unknown}
 L - a scroll of magic mapping {unknown}
 O - 2 scrolls of brand weapon {unknown}
 P - 2 scrolls of recharging
 R - a scroll of identify
Potions
 f - 6 potions of flight
 h - 4 potions of curing
 m - 2 potions of magic
 s - a potion of cancellation
 t - 2 potions of brilliance
 w - 2 potions of might
 C - 2 potions of mutation {!q}
 G - 6 potions of lignification
 I - 3 potions of heal wounds
 M - 2 potions of invisibility
Comestibles
 b - 9 fruits
 c - 6 bread rations
 i - 11 royal jellies
 k - 5 meat rations
 z - 2 slices of pizza
 F - 2 beef jerkies
 N - 4 chunks of flesh


   Skills:
 - Level 13.4 Fighting
 + Level 17.9 Polearms
 * Level 13.8 Armour
 - Level 2.1 Dodging


You had 12 spell levels left.
You didn't know any spells.

Dungeon Overview and Level Annotations

Branches:
Dungeon (14/15)            Temple (0/1) D:6            Lair (0/6) D:10
    Orc (0/2) D:9          Vaults (0/5) D:13

Altars:
Dithmenos
Fedhas
Gozag
Hepliaklqana
Makhleb
Nemelex Xobeh
Okawaru
Sif Muna
Trog
Uskayaw
Xom
Zin

Shops:
D:5 *   D:9 ([

Annotations:
D:14 Snorg


Innate Abilities, Weirdness & Mutations

You reflexively headbutt those who attack you in melee.
You have a pair of horns on your head.


Message History

Beogh smites you!
* * * LOW HITPOINT WARNING * * *
The deep troll bites you but does no damage.
The deep troll barely misses you. The deep troll claws you!
* * * LOW HITPOINT WARNING * * *
Snorg is engulfed in roaring flames.
You hear a bellow!
The deep troll barely misses you. You furiously retaliate!
You headbutt the deep troll, but do no damage.
The deep troll claws you.
* * * LOW HITPOINT WARNING * * *
The deep troll closely misses you.
You hear a shout!
Snorg is no longer berserk.
The deep troll bites you but does no damage.
The deep troll claws you but does no damage. x2
The deep troll closely misses you. You furiously retaliate!
You headbutt the deep troll. The deep troll misses you.
The deep troll claws you!
You die...

..#..######c............
..#..# #c#####.......
..#..# #ยง# .......
###..# #.# .......
.....######(# .......
..........O.#####.....=>
..........o.)T.(T.......
.......#########T.......
.......# #@.......
...)...# #........
.#####.# #..#####. .#
+.# #..+ .# #.. #..# .#
#..# #..+ .# ..# #..# .#
#..# .#


You could see Snorg (inner flame) and a deep troll (berserk).

Vanquished Creatures
  Rupert (D:14)
  Kirke (D:12)
  Fannar (D:12)
  A hydra (D:11)
  Erica (D:8)
  A centaur warrior (D:14)
  A tengu warrior (D:14)
  5 hill giants
  A wizard (D:13)
  The ghost of rastmirit the Skirmisher, a novice DrFi of Trog (D:5)
  Pikel (D:9)
  2 deep elf magi
  4 slime creatures (D:14)
  2 cyclopes
  4 centaur skeletons
  4 yaktaurs (D:14)
  A tengu conjurer (D:11)
  2 trolls
  A two-headed ogre (D:8)
  Prince Ribbit (D:9)
  A vampire (D:12)
  28 yaks
  A wraith (D:10)
  3 vampire mosquitoes (D:14)
  A steam dragon (D:14)
  2 hogs (D:12)
  A hippogriff (D:13)
  A naga (shapeshifter) (D:14)
  3 wargs (D:10)
  2 soldier ants (D:10)
  2 ice beasts
  3 eyes of draining
  2 slaves (D:9)
  2 sky beasts
  3 wasps
  A black bear (D:8)
  A phantom (D:9)
  7 orc warriors
  A necrophage (D:11)
  5 ogres
  2 crocodiles
  7 centaurs
  6 big kobolds
  10 giant frogs
  A wyvern skeleton (D:14)
  8 scorpions
  4 killer bees (D:7)
  18 wights
  7 electric eels (D:6)
  A howler monkey (D:12)
  2 jellies (D:9)
  3 crimson imps
  A quasit (D:9)
  6 hounds
  12 orc priests
  4 giant frog skeletons
  A gnoll shaman (D:5)
  Crazy Yiuf (D:5)
  15 orc wizards
  5 iguanas
  Jessica (D:2)
  8 worker ants
  2 worker ant zombies
  15 gnolls
  16 adders
  4 shadow imps
  3 oozes
  An adder zombie (D:5)
  3 adder skeletons
  5 worms
  A dart slug (D:3)
  7 giant geckos
  59 orcs
  4 ball pythons
  6 giant cockroaches
  28 goblins
  33 hobgoblins
  11 jackals
  3 quokkas
  7 bats
  6 giant newts
  A jackal skeleton (D:8)
  11 kobolds
  A quokka zombie (D:5)
  7 rats
  A fungus (D:5)
464 creatures vanquished.

Vanquished Creatures (collateral kills)
  A yaktaur (D:14)
1 creature vanquished.

Vanquished Creatures (others)
  A slave (D:9)
  A quokka (D:9)
  5 bushes (D:7)
7 creatures vanquished.

Grand Total: 472 creatures vanquished

Notes
Turn   | Place    | Note
-------+----------+-------------------------------------------
     0 | D:1      | Grim the Minotaur Berserker began the quest for the Orb.
     0 | D:1      | Reached XP level 1. HP: 19/19 MP: 0/0
    17 | D:1      | Reached skill level 4 in Polearms
   114 | D:1      | Reached XP level 2. HP: 25/26 MP: 1/1
   758 | D:2      | Reached skill level 5 in Polearms
   758 | D:2      | Reached XP level 3. HP: 25/31 MP: 2/2
   903 | D:2      | Found a shimmering altar of Xom.
   912 | D:2      | Found a burning altar of Makhleb.
   964 | D:2      | Reached ** piety under Trog
  1134 | D:2      | Noticed Jessica
  1139 | D:2      | Killed Jessica
  1139 | D:2      | Reached skill level 6 in Polearms
  1139 | D:2      | Reached XP level 4. HP: 39/39 MP: 3/3
  1758 | D:3      | Reached XP level 5. HP: 45/45 MP: 4/4
  1779 | D:3      | Reached skill level 7 in Polearms
  1925 | D:3      | Found a shadowy altar of Dithmenos.
  2376 | D:4      | Found a hazy altar of Hepliaklqana.
  2421 | D:4      | Found a deep blue altar of Sif Muna.
  2430 | D:4      | Found a blossoming altar of Fedhas.
  2478 | D:4      | Reached skill level 8 in Polearms
  2735 | D:4      | Reached XP level 6. HP: 47/51 MP: 5/5
  2979 | D:5      | Entered Level 5 of the Dungeon
  2979 | D:5      | Found Tiranam's Assorted Antiques.
  3017 | D:5      | Bought a slimy spear for 136 gold pieces
  3017 | D:5      | Bought a glowing cloak for 76 gold pieces
  3017 | D:5      | Identified the +7 spear of Xopnaer {pierce, *Noise +Rage rElec rN+} (You bought it in a shop on level 5 of the Dungeon)
  3045 | D:5      | Noticed rastmirit's ghost (novice DrFi)
  3055 | D:5      | Killed rastmirit's ghost
  3055 | D:5      | Reached *** piety under Trog
  3055 | D:5      | Reached skill level 10 in Polearms
  3055 | D:5      | Reached XP level 7. HP: 57/57 MP: 6/6
  3077 | D:5      | Reached skill level 11 in Polearms
  3201 | D:5      | Reached XP level 8. HP: 59/64 MP: 7/7
  3365 | D:5      | Got a glittering jade ring
  3367 | D:5      | Lost intelligence.
  3367 | D:5      | Identified the cursed ring "Iwexok" {MR+ Str+4 Int-4 Slay-2} (You found it on level 5 of the Dungeon)
  3658 | D:5      | Reached skill level 12 in Polearms
  3807 | D:5      | Found a runed door.
  3811 | D:5      | Noticed Crazy Yiuf
  3816 | D:5      | Killed Crazy Yiuf
  4347 | D:6      | Reached skill level 13 in Polearms
  4351 | D:6      | Reached **** piety under Trog
  4889 | D:6      | Found a staircase to the Ecumenical Temple.
  4973 | D:6      | Reached XP level 9. HP: 70/70 MP: 8/8
  5046 | D:6      | Reached ***** piety under Trog
  5199 | D:6      | Reached skill level 5 in Fighting
  5206 | D:6      | Received a gift from Trog
  5543 | D:6      | Reached skill level 14 in Polearms
  5768 | D:7      | Found a hide-covered altar of Uskayaw.
  5835 | D:7      | Found an opulent altar of Gozag.
  5836 | D:7      | Found a glowing silver altar of Zin.
  5840 | D:7      | Found a hide-covered altar of Uskayaw.
  6152 | D:7      | Found a bloodstained altar of Trog.
  6468 | D:8      | Reached XP level 10. HP: 89/91 MP: 9/9
  6539 | D:8      | Noticed Erica
  6551 | D:8      | Killed Erica
  6551 | D:8      | Reached skill level 10 in Fighting
  6573 | D:8      | Reached skill level 15 in Polearms
  6644 | D:8      | Received a gift from Trog
  6705 | D:8      | Found an iron altar of Okawaru.
  7373 | D:9      | Found Turagihat's Weapon Boutique.
  7391 | D:9      | Found a staircase to the Orcish Mines.
  7392 | D:9      | Noticed Prince Ribbit
  7394 | D:9      | Found Reekhlue's Armour Boutique.
  7399 | D:9      | Killed Prince Ribbit
  7463 | D:9      | Bought a +2 plate armour of magic resistance for 440 gold pieces
  7685 | D:9      | Noticed Pikel
  7699 | D:9      | Killed Pikel
  8207 | D:9      | Got a steaming plate armour
  8218 | D:9      | Identified the +6 plate armour of the Prince of Darkness {+Inv rElec MR- Dex+9} (You found it on level 9 of the Dungeon)
  8266 | D:9      | Found a sparkling altar of Nemelex Xobeh.
  8429 | D:10     | Entered Level 10 of the Dungeon
  8441 | D:10     | Found an iron altar of Okawaru.
  8530 | D:10     | Reached XP level 11. HP: 89/105 MP: 10/10
  8642 | D:10     | Found a staircase to the Lair.
  8775 | D:10     | Received a gift from Trog
  9075 | D:10     | Noticed a hill giant
  9083 | D:10     | Killed a hill giant
  9409 | D:10     | Reached skill level 16 in Polearms
  9756 | D:10     | Reached skill level 5 in Armour
  9907 | D:11     | Noticed a deep elf mage
  9913 | D:11     | Killed a deep elf mage
  9913 | D:11     | Received a gift from Trog
 10619 | D:11     | Reached ****** piety under Trog
 10808 | D:11     | Noticed a seven-headed hydra
 10817 | D:11     | Killed a seven-headed hydra
 10998 | D:12     | Noticed Fannar
 11012 | D:12     | Killed Fannar
 11012 | D:12     | Reached XP level 12. HP: 105/115 MP: 11/11
 11364 | D:12     | Received a gift from Trog
 11709 | D:12     | Reached skill level 10 in Armour
 11737 | D:12     | Noticed Kirke
 11751 | D:12     | Killed Kirke
 11751 | D:12     | Reached skill level 17 in Polearms
 11892 | D:13     | Found a gate to the Vaults.
 12684 | D:14     | Noticed Rupert
 12686 | D:14     | Noticed a tengu warrior
 12697 | D:14     | Killed Rupert
 12702 | D:14     | Killed a tengu warrior
 12888 | D:14     | Reached XP level 13. HP: 122/122 MP: 12/12
 12904 | D:14     | Received a gift from Trog
 13211 | D:14     | Noticed Snorg
 13246 | D:14     | HP: 5/122 [yaktaur/bolt (22)]
 13251 | D:14     | HP: 2/122 [deep troll[the player character] (5)]
 13252 | D:14     | Slain by a deep troll

Vault maps used:
D:1:      ncdulo_lavacross, minmay_tetromino_s2
D:2:      amethyst_overflow_temple_binary, uniq_jessica
D:3:      nicolae_overflow_crystal_walls
D:4:      grunt_temple_overflow_open
D:5:      first_bread, serial_shops,
          nicolae_shop_temple_entry_statues_fountains, uniq_crazy_yiuf_cottage
D:6:      minmay_goblin_kobold_castle
D:7:      minmay_klotski, minitemple, trog_eyes_of_draining, basic_altar
D:8:      lemuel_crystal_altar, uniq_erica
D:9:      nemelex_xobeh_ov_fountains_minmay, orc_david_3, uniq_prince_ribbit1,
          uniq_pikel
D:10:     erik_lair_orcish_takeover, basic_altar, hangedman_pestilent_swarm,
          minmay_misc_feat_hallway
D:11:     minmay_radiant
D:12:     serial_column_ruins, column_ruins_hut_ruined,
          column_ruins_corridor_corner, column_ruins_open_tiny,
          column_ruins_grid_1, column_ruins_open_tiny,
          column_ruins_corridor_straight, uniq_fannar, uniq_kirke
D:13:     david_vaults_1
D:14:     uniq_snorg, uniq_rupert

Skill      XL: |  1  2  3  4  5  6  7  8  9 10 11 12 |
---------------+-------------------------------------+-----
Polearms       | 4 5 6 8 10 11 13 14 15 16 17 | 17.9
Fighting       | 9 12 13 | 13.4
Armour         | 9 13 | 13.8
Dodging        | |  2.1

Action                   |  1- 3 |  4- 6 |  7- 9 | 10-12 | 13-15 || total
-------------------------+-------+-------+-------+-------+-------++-------
Melee: Spear             |    71 |   166 |   408 |   689 |    76 ||  1410
       Headbutt          |    14 |    19 |    39 |   173 |    26 ||   271
Invok: Berserk           |       |     2 |       |     4 |     1 ||     7
       Burn Spellbooks   |       |       |     1 |     2 |       ||     3
       Trog's Hand       |       |       |       |     2 |     2 ||     4
       Brothers in Arms  |       |       |       |       |     1 ||     1
  Use: Scroll            |       |    11 |     4 |     4 |     3 ||    22
       Potion            |       |       |       |       |     1 ||     1
 Stab: Sleeping          |     2 |       |       |       |       ||     2
  Eat: Chunk             |     1 |     6 |    15 |    20 |     2 ||    44
       Bread ration      |       |       |       |     1 |       ||     1
Armor: Animal skin       |     9 |       |       |       |       ||     9
       Ring mail         |       |    17 |       |       |       ||    17
       Chain mail        |       |     5 |    76 |    35 |       ||   116
       Plate armour      |       |       |       |   173 |    24 ||   197
Dodge: Dodged            |    19 |    43 |    85 |   105 |    22 ||   274
